 Dungeon Crawl Stone Soup version 0.19-a0-1493-gd0fcaa6 (webtiles) character file.

83 Leszczynek the Cudgeler (level 4, 0/42 HPs)
             Began as an Ogre Necromancer on Sept 9, 2016.
             Slain by an ogre
             ... wielding a +0 giant club
              (13 damage)
             ... on level 4 of the Dungeon.
             The game lasted 00:08:39 (1419 turns).

Leszczynek the Cudgeler (Ogre Necromancer)          Turns: 1419, Time: 00:08:40

Health: 0/42       AC:  4    Str: 12 (14) XL:     4   Next: 44%
Magic:  7/7        EV: 10    Int: 11 (14) God:
Gold:   114        SH:  0    Dex:  8 (10) Spells: 3 memorised, 2 levels left

rFire  . . .     SeeInvis .     a - +0 mace
rCold  . . .     Gourm    .     j - +0 robe
rNeg   . . .     Faith    .     (no shield)
rPois  .         Spirit   .     (helmet restricted)
rElec  .         Dismiss  .     k - +0 cloak
rCorr  .         Reflect  .     (gloves unavailable)
MR     .....     Harm     .     (boots unavailable)
Stlth  ..........               (no amulet)
                                (no ring)
                                e - ring of loudness (curse)

@: no status effects
A: unfitting armour, tough skin 1
a: no special abilities


You were on level 4 of the Dungeon.
You were hungry.

You visited 1 branch of the dungeon, and saw 4 of its levels.

You collected 114 gold pieces.

Inventory:

Hand Weapons
 a - a +0 mace (weapon)
Armour
 j - a +0 robe (worn)
 k - a +0 cloak (worn)
 n - a +0 shield
Jewellery
 e - a cursed ring of loudness (left hand)
Scrolls
 c - a scroll of fog {unknown}
 i - a scroll of identify {unknown}
 l - a scroll of remove curse {unknown}
Potions
 h - a potion of cancellation {unknown}
 m - a potion of agility {unknown}
Books
 b - a book of Necromancy

   Spells                             Type                      Level
   a - Pain                           Necromancy                   1
   b - Animate Skeleton               Necromancy                   1
   c - Vampiric Draining              Necromancy                   3
   d - Regeneration                   Charms/Necromancy            3
   e - Animate Dead                   Necromancy                   4
   f - Control Undead                 Necromancy                   4
Comestibles
 d - a bread ration
 f - a meat ration


   Skills:
 - Level 1.8 Fighting
 * Level 4.3 Maces & Flails
 - Level 1.7 Dodging
 - Level 1.5 Stealth
 + Level 1.0 Shields
 - Level 2.4 Spellcasting
 - Level 2.9 Necromancy


You had 2 spell levels left.
You knew the following spells:

 Your Spells              Type           Power        Failure   Level  Hunger
a - Pain                  Necr           #...         10%         1    ##.....
b - Animate Skeleton      Necr           N/A          10%         1    ##.....
q - Regeneration          Chrm/Necr      #.........   47%         3    ####...


Dungeon Overview and Level Annotations

Branches:
Dungeon (4/15)
 Temple: D:4-7

Altars:


Innate Abilities, Weirdness & Mutations

You are too large for most types of armour.
You have tough skin. (AC +1)


Message History

Your Shields skill increases to level 1!
No target in view!
No target in view!
No target in view!
Found 11 gold pieces.
Found a scale mail.
Found 27 stones and a shiny ring mail.
You now have 114 gold pieces (gained 11).
There is a stone staircase leading down here.
You climb downwards.
The ogre hits you but does no damage.
There is a stone staircase leading up here.
Unknown command.
You hit the ogre.
The ogre is lightly wounded.
The ogre hits you with a giant club!!
Ouch! That really hurt!
You hit the ogre.
The ogre is moderately wounded.
The ogre hits you with a giant club!
You die...

# .. #.....# ##.l.
#.....# .o...
.....##.## ..... ###
#.# ..... ... #.#
..... #.# #.####
..... #.####....#
..... #.#.O.###.#
..### #.#..@#...# .##
#.#...###.#
###########.#...###.#
.................#.#
##.....#.......#.#
#.....#########.####
#.....# #.........#
#.....# #.###...#.#
#.....# #.##....#.#


You could see an ogre.

Vanquished Creatures
  A worker ant (D:4)
  4 adders
  An ooze (D:3)
  2 giant geckos (D:1)
  An orc (D:3)
  A giant cockroach (D:3)
  A hobgoblin (D:2)
  2 kobolds (D:1)
  A quokka (D:2)
  A ball python (D:3)
  3 bats
  3 goblins
  2 rats (D:1)
23 creatures vanquished.

Vanquished Creatures (collateral kills)
  A giant cockroach (D:1)
1 creature vanquished.

Grand Total: 24 creatures vanquished

Notes
Turn   | Place    | Note
-------+----------+-------------------------------------------
     0 | D:1      | Leszczynek the Ogre Necromancer began the quest for the Orb.
     0 | D:1      | Reached XP level 1. HP: 16/16 MP: 3/3
     2 | D:1      | Learned a level 1 spell: Animate Skeleton
    47 | D:1      | Reached skill level 1 in Fighting
   265 | D:2      | Reached skill level 1 in Maces & Flails
   265 | D:2      | Reached XP level 2. HP: 13/28 MP: 0/5
   377 | D:1      | Reached skill level 2 in Maces & Flails
   517 | D:3      | Reached XP level 3. HP: 31/35 MP: 6/6
   544 | D:2      | Learned a level 3 spell: Regeneration
   582 | D:2      | Reached skill level 3 in Maces & Flails
   868 | D:4      | Reached skill level 4 in Maces & Flails
   868 | D:4      | Reached XP level 4. HP: 23/42 MP: 4/7
  1069 | D:4      | Noticed an ogre
  1368 | D:3      | Reached skill level 1 in Shields
  1419 | D:4      | Slain by an ogre

Vault maps used:
D:1:      dpeg_arrival_arbitrary_a, serial_bayou_lagoon_a
D:2:      kennysheep_six_static_rooms, minmay_misc_feat_rugged
D:3:      minivault_25

Skill      XL: |  1  2  3  4 |
---------------+-------------+-----
Fighting       | 1 |  1.8
Maces & Flails | 1 2 4 |  4.3
Shields        | 1 |  1.0
Dodging        | |  1.7
Stealth        | |  1.5
Spellcasting   | |  2.4
Necromancy     | |  2.9

Action                   |  1- 3 |  4- 6 || total
-------------------------+-------+-------++-------
Melee: Short sword       |    33 |       ||    33
       Mace              |    29 |     9 ||    38
 Cast: Pain              |    19 |     3 ||    22
       Animate Skeleton  |     3 |       ||     3
  Use: Potion            |     3 |       ||     3
 Stab: Distracted        |     1 |       ||     1
  Eat: Chunk             |     1 |       ||     1
       Beef jerky        |       |     1 ||     1
Armor: Robe              |    27 |     1 ||    28
       Skin              |     5 |       ||     5
Dodge: Dodged            |    39 |     6 ||    45
